 Dungeon Crawl Stone Soup version bcrawl-1.17.3 (webtiles) character file.

Game seed: 2171481705658298087

647 Chiseanne the Shield-Bearer (level 7, -3/52 HPs)
             Began as a Mummy Archaeologist on Oct 25, 2019.
             Was an Initiate of Gozag.
             Slain by a troll (10 damage)
             ... on level 5 of the Dungeon.
             The game lasted 00:06:12 (5071 turns).

Chiseanne the Shield-Bearer (Mummy Archaeologist)   Turns: 5071, Time: 00:06:12

Health: -3/52      AC: 10    Str: 14    XL:     7   Next: 27%
Magic:  7/7        EV:  7    Int: 15    God:    Gozag
Gold:   307        SH: 14    Dex: 11    Spells: 6/6 levels left

rFire    x . .     SeeInvis .   a - +3 dagger (distort)
rCold    + . .     Gourm    .   p - +0 large shield (curse)
rNeg     + + +     Faith    .   n - +1 ring mail
rPois    ∞         Spirit   .   c - +1 hat
rElec    .         Reflect  .   (no cloak)
rCorr    .         Harm     .   (no gloves)
MR       .....     Clarity  +   d - +1 pair of boots
Stlth    +.........             (no amulet)
HPRegen  0.17/turn              g - +1 ring of protection
MPRegen  0.10/turn              (no ring)

@: gold aura
A: no food or potions, fire vulnerability, clarity, cold resistance 1, negative
energy resistance 3, torment resistance, unbreathing
a: Potion Petition, Call Merchant, Bribe Branch, Renounce Religion


You were on level 5 of the Dungeon.
You worshipped Gozag.
Gozag was aware of your devotion.
You were not hungry.

You visited 2 branches of the dungeon, and saw 6 of its levels.

You collected 392 gold pieces.
You paid 85 gold pieces to Gozag.

Inventory:

Hand Weapons
 a - a +3 dagger of distortion (weapon)
 w - a +0 blowgun
Missiles
 e - 146 arrows
 h - 1013 stones (quivered)
 k - 268 poisoned needles
 l - 137 bolts
 m - 107 tomahawks
 o - 174 sling bullets
Armour
 c - a +1 hat (worn)
 d - a +1 pair of boots (worn)
 f - the +10 large shield of Ignorance {rN+ Int-4}

   It affects your intelligence (-4).
   It protects you from negative energy.
 n - a +1 ring mail (worn)
 p - a cursed +0 large shield (worn)
Jewellery
 g - a +1 ring of protection (left hand)
 q - a cursed ring of attention {unknown}
Scrolls
 b - a scroll of fear
 i - a scroll of identify
 j - 2 scrolls of enchant armour


   Skills:
 - Level 3.0 Fighting
   Level 0.7 Maces & Flails
 - Level 2.4 Dodging
 - Level 2.6 Stealth
 + Level 7.3 Shields


You had 6 spell levels left.
You didn't know any spells.
Your spell library contained the following spells:

 Spells                   Type           Power        Failure   Level  Hunger
 Confuse                  Hex            #.......     100%        3    N/A
 Dazzling Spray           Conj/Hex       #.....       100%        3    N/A
 Petrify                  Tmut/Erth      #.......     100%        4    N/A
 Yara's Violent Unravell  Hex/Tmut       #.........   100%        4    N/A
 Metabolic Englaciation   Hex/Ice        #.........   100%        5    N/A
 Mana Rupture             Conj/Hex       #.........   100%        7    N/A

Dungeon Overview and Level Annotations

Branches:
Dungeon (5/12)             Temple (1/1) D:4

Altars:
Ashenzari
Cheibriados
Dithmenos
Elyvilon
Fedhas
Gozag
Hepliaklqana
Kikubaaqudgha
Lugonu
Makhleb
Nemelex Xobeh
Okawaru
Qazlal
Ru
Sif Muna
Trog
Vehumet
Wu Jian
Xom
Yredelemnul
Zin
The Shining One


Innate Abilities, Weirdness & Mutations

You do not eat or drink.
Your flesh is vulnerable to fire.
You are immune to poison.
You possess an exceptional clarity of mind.
Your flesh is cold resistant. (rC+)
You are immune to negative energy. (rN+++)
You are immune to unholy pain and torment.
You can survive without breathing.


Message History

You are too injured to fight recklessly!
You are too injured to fight recklessly!
You are too injured to fight recklessly!
You are too injured to fight recklessly!
You are too injured to fight recklessly!
You are too injured to fight recklessly!
You are too injured to fight recklessly!
You are too injured to fight recklessly!
You are too injured to fight recklessly!
You are too injured to fight recklessly!
You are too injured to fight recklessly!
You hit the troll but do no damage.
Space bends around the troll.
The troll is moderately wounded.
You block the troll's attack. x2; The troll claws you.
* * * LOW HITPOINT WARNING * * *
You hit the troll.
Space bends around the troll.
The troll is heavily wounded.
The troll bites you!
You die...
Your body crumbles into a pile of gold.

#####...#......###.......#
# ######.#....)........# #
#.#...###.......# #
#.##### ###...### # #'#
#...# # ... ##.## ## ...
##.# .## .....######..#
..### ......T@.....#
..)..' ..............#
..#### ......##.....## .##
...... #.#..## ## ....#
#.#.## ...# #.#.# ...
....# .. #.###


You could see a troll.

Vanquished Creatures
  Edmund (D:4)
  A sky beast (D:4)
  Blork the orc (D:4)
  A scorpion (D:4)
  A howler monkey (D:5)
  A bullfrog skeleton (D:4)
  3 orc wizards (D:5)
  2 worker ants
  3 gnolls
  2 adders (D:3)
  A shadow imp (D:5)
  3 worms
  A dart slug (D:1)
  3 leopard geckos
  3 orcs (D:5)
  7 bats
  5 giant cockroaches
  4 goblins
  4 hobgoblins
  6 jackals (D:1)
  2 quokkas
  3 ball pythons
  8 kobolds
  6 rats
72 creatures vanquished.

Notes
Turn   | Place    | Note
-------+----------+-------------------------------------------
     0 | D:1      | Chiseanne the Mummy Archaeologist began the quest for the
                  | Orb.
     0 | D:1      | Reached XP level 1. HP: 15/15 MP: 1/1
   185 | D:1      | Reached XP level 2. HP: 22/22 MP: 2/2
   856 | D:1      | Reached XP level 3. HP: 28/29 MP: 3/3
  1026 | D:1      | Reached skill level 1 in Shields
  1443 | D:1      | Reached skill level 2 in Shields
  1973 | D:2      | Found a burning altar of Makhleb.
  1974 | D:2      | Found an ancient bone altar of Kikubaaqudgha.
  1986 | D:2      | Found a shimmering altar of Xom.
  1986 | D:2      | Found a sparkling altar of Nemelex Xobeh.
  1994 | D:2      | Found a shattered altar of Ashenzari.
  1995 | D:2      | Found a hazy altar of Hepliaklqana.
  2276 | D:2      | Reached skill level 3 in Shields
  2276 | D:2      | Reached XP level 4. HP: 26/35 MP: 4/4
  3084 | D:3      | Found a white marble altar of Elyvilon.
  3423 | D:4      | Noticed Blork the orc
  3433 | D:4      | Killed Blork the orc
  3433 | D:4      | Reached skill level 5 in Shields
  3433 | D:4      | Reached XP level 5. HP: 30/41 MP: 5/5
  3579 | D:4      | Found a staircase to the Ecumenical Temple.
  3728 | D:4      | Noticed a necrophage
  3826 | Temple   | Entered the Ecumenical Temple
  3840 | Temple   | Became a worshipper of Gozag Ym Sagoz the Greedy
  4047 | D:4      | Noticed Edmund
  4069 | D:4      | Noticed a sky beast
  4088 | D:4      | Killed a sky beast
  4088 | D:4      | Reached skill level 6 in Shields
  4088 | D:4      | Reached XP level 6. HP: 31/47 MP: 6/6
  4611 | D:4      | Killed Edmund
  4716 | D:5      | Entered Level 5 of the Dungeon
  4778 | D:5      | Reached XP level 7. HP: 42/52 MP: 7/7
  4784 | D:5      | Reached skill level 7 in Shields
  5061 | D:5      | Noticed a troll
  5071 | D:5      | Slain by a troll

Skill      XL: |  1  2  3  4  5  6  7 |
---------------+----------------------+-----
Fighting       | 2 3 |  3.0
Shields        | 3 5 6 7 |  7.3
Maces & Flails | |  0.7
Dodging        | |  2.4
Stealth        | |  2.6

Action                   |  1- 3 |  4- 6 |  7- 9 || total
-------------------------+-------+-------+-------++-------
Melee: Whip              |   129 |       |       ||   129
       Short sword       |    83 |       |       ||    83
       Dagger            |       |   128 |    36 ||   164
  Use: Scroll            |     2 |    10 |       ||    12
 Stab: Sleeping          |     3 |       |       ||     3
Armor: Robe              |    59 |       |       ||    59
       Ring mail         |    26 |    38 |    15 ||    79
Dodge: Dodged            |   165 |    20 |     4 ||   189
Block: Large shield      |    38 |    57 |    24 ||   119
